cohdb
Replays
Latest Replays
All Replays
Popular Replays
Top Player Replays
Match Explorer
How It Works
Community
CoH3 Stats
Reddit
Sign in to upload your games and track your stats! →
Sign in with Steam
Match 42859848
Unlisted
Match 42859848
Overview
Messages
Build Orders
End
Panzerpioneer Squad
Panzerpioneer Squad
Kradschützen Motorcycle Team
Panzerpioneer Squad
Construct Light Support Kompanie
MG34 Team
Fire Support Elements
Panzerpioneer Squad
2.5-tonne Medical Truck
Pak 38 Mechanized Group
Combat Half-tracks
Construct Panzerarmee Kommand
Selects Armored Support Battlegroup
Selects Salvage Kits
Selects Panzer Storm
Armored Reserves
Vehicle Survival Package
Emergency Repair Kits
Tungsten Core Ammunition
Walking Stuka Rocket Launcher
UH|dun! ツ
HelloToDemocracy
koba (Monkey man)
Rys
Houki
Dazooe
0
0
Comments
sign in to comment!
No comments posted yet!